 Dungeon Crawl Stone Soup version 0.29-a0-998-g1987434951 (webtiles) character file.

Game seed: 1876837919289665043

70 BritishOli the Trooper (level 4, -1/35 HPs)
             Began as a Demonspawn Fighter on Aug 5, 2022.
             Slain by an iguana (10 damage)
             ... on level 3 of the Dungeon.
             The game lasted 00:01:07 (1646 turns).

BritishOli the Trooper (Demonspawn Fighter)         Turns: 1646, Time: 00:01:08

Health: -1/35      AC: 10    Str: 18    XL:     4   Next: 3%
Magic:  4/4        EV:  9    Int: 10    God:
Gold:   136        SH:  8    Dex: 12    Spells: 3/3 levels left

rFire   . . .      SeeInvis .   a - +0 long sword
rCold   . . .      Faith    .   c - +0 buckler
rNeg    . . .      Spirit   .   b - +0 scale mail
rPois   .          Reflect  .   (no helmet)
rElec   .          Harm     .   (no cloak)
rCorr   .          Rampage  .   (no gloves)
Will    .....                   (no boots)
Stlth   ..........              (no amulet)
HPRegen 0.11/turn               l - ring of flight
MPRegen 0.09/turn               (no ring)

@: flying
A: icemail 1, condensation shield
a: no special abilities


You were on level 3 of the Dungeon.
You visited 1 branch of the dungeon, and saw 3 of its levels.

You collected 136 gold pieces.

Inventory:

Hand Weapons
 a - a +0 long sword (weapon)
Missiles
 k - a throwing net (quivered)
Armour
 b - a +0 scale mail (worn)
 c - a +0 buckler (worn)
Jewellery
 e - a ring of ice
 l - a ring of flight (left hand)
 t - a +6 ring of dexterity
Scrolls
 g - a scroll of enchant armour {unknown}
 h - a scroll of identify {unknown}
 j - 3 scrolls of teleportation {unknown}
 m - 2 scrolls of enchant weapon {unknown}
 o - a scroll of silence {unknown}
 q - a scroll of fog {unknown}
 r - a scroll of noise {unknown}
 s - a scroll of fear {unknown}
Potions
 d - a potion of might
 f - 2 potions of curing {unknown}
 i - a potion of degeneration {unknown}
 n - a potion of heal wounds {unknown}
 p - a potion of invisibility {unknown}


   Skills:
 + Level 3.5 Fighting
 + Level 2.5 Long Blades
 + Level 3.2 Armour
 + Level 3.1 Shields


You had 3 spell levels left.
You didn't know any spells.
Your spell library contained the following spells:

 Spells                   Type           Power      Damage    Failure   Level
 Summon Small Mammal      Summ           0%         N/A       83%         1
 Static Discharge         Conj/Air       0%         3-3/arc   93%         2
 Call Canine Familiar     Summ           0%         N/A       99%         3
 Summon Guardian Golem    Hex/Summ       0%         N/A       99%         3
 Dispel Undead            Necr           0%         3d6       100%        4
 Sticky Flame             Conj/Fire      0%         2d3       100%        4


Dungeon Overview and Level Annotations

Branches:
Dungeon (3/15)

Altars:


Innate Abilities, Weirdness & Mutations

A meltable icy envelope protects you from harm. (AC +4)
A meltable shield of frost defends you. (SH +4)


Message History

The iguana hisses menacingly.
There are monsters nearby!
You barely miss the endoplasm. The endoplasm freezes you.
You are frozen.
The endoplasm freezes you.
You are frozen.
There are monsters nearby!
You hit the endoplasm but do no damage. You block the endoplasm's attack.
The endoplasm hits you.
There are monsters nearby!
You hit the endoplasm but do no damage. The endoplasm freezes you.
You are frozen.
You block the endoplasm's attack. The iguana bites you.
The endoplasm freezes you.
You are frozen.
The endoplasm freezes you.
You are frozen.
The endoplasm jiggles.
You block the iguana's attack. The iguana attacks as you move away!
You block the iguana's attack.
You slash the endoplasm!
You kill the endoplasm!
You hit the iguana.
The iguana is lightly wounded.
You block the iguana's attack.
You closely miss the iguana.
The iguana is lightly wounded.
The iguana barely misses you. The iguana bites you.
* * * LOW HITPOINT WARNING * * *
You hit the iguana.
The iguana is heavily wounded.
You block the iguana's attack.
You barely miss the iguana.
The iguana is heavily wounded.
The iguana barely misses you.
You barely miss the iguana.
The iguana is heavily wounded.
You block the iguana's attack. The iguana bites you!
You die...

##........#. #..........#
#..........# #.....# ...
#..........####.....#....
#.....>...........#.#...
#...........##...........
##........J.#........#.#.
##......#l#.............
########@#.#....)......
#.......)..#.#.#.
###.#...............
#............#......
#.#.##...#..........
##......##...#..#....
.....##........##....
.#..#....##....## ...
......###.....## ..


You could see an iguana and an endoplasm.

Vanquished Creatures
  3 adders (D:2)
  2 dart slugs (D:1)
  An orc (D:3)
  2 endoplasms
  5 goblins
  2 hobgoblins (D:2)
  2 quokkas
  6 ball pythons
  2 bats
  3 frilled lizards
  6 kobolds
  4 rats (D:1)
38 creatures vanquished.

Notes
Turn   | Place    | Note
-------+----------+-------------------------------------------
     0 | D:1      | BritishOli the Demonspawn Fighter began the quest for the
                  | Orb.
     0 | D:1      | Reached XP level 1. HP: 18/18 MP: 1/1
   250 | D:1      | Gained mutation: A meltable shield of frost defends you.
                  | (SH +4) [demonic ancestry]
   250 | D:1      | Reached XP level 2. HP: 16/24 MP: 2/2
  1001 | D:2      | Found a faded altar of an unknown god.
  1100 | D:2      | Reached XP level 3. HP: 25/29 MP: 3/3
  1598 | D:3      | Gained mutation: A meltable icy envelope protects you from
                  | harm. (AC +4) [demonic ancestry]
  1598 | D:3      | Reached XP level 4. HP: 32/35 MP: 4/4
  1646 | D:3      | Slain by an iguana

Illustrated notes

Levels and vault maps discovered:
D:1:      wander_arrival_fairy_ring, layout_loops_ring
D:2:      layout_rooms, basic_ecumenical_altar
D:3:      layout_rooms, mainiacjoe_overflow_brackets, minmay_splitting_lines

Skill      XL: |  1  2 |
---------------+-------+-----
Long Blades    | 2 |  2.5
Armour         | 3 |  3.2
Shields        | 3 |  3.1
Fighting       | |  3.5

Action                   |  1- 3 |  4- 6 || total
-------------------------+-------+-------++-------
Melee: Long sword        |   111 |    10 ||   121
Armor: Scale mail        |    44 |       ||    44
Dodge: Dodged            |    54 |     3 ||    57
Block: Buckler           |    54 |     8 ||    62

Table legend: (Time is in decaauts)
 A = Elapsed time spent in this place.
 B = Non-inter-level travel time spent in this place.
 C = Inter-level travel time spent in this place.
 D = Time resting spent in this place.
 E = Time spent auto-exploring this place.
 F = Levels seen in this place.
 G = Mean time per level.
                   A        B        C        D        E       F      G
               +--------+--------+--------+--------+--------+-----+--------+
         Total |   1685 |   1658 |     27 |      0 |   1388 |   3 |  561.7 |
       Dungeon |   1685 |   1658 |     27 |      0 |   1388 |   3 |  561.7 |
               +--------+--------+--------+--------+--------+-----+--------+

Top non-repeatable levels by time:
     D:1: 1021 daAuts
     D:2: 592 daAuts
     D:3: 71 daAuts
